 Dungeon Crawl Stone Soup version 0.31.0-32-g396128a36d (webtiles) character file.

Game seed: 7620398293077888265

2188 Zeor the Slasher (level 9, -2/63 HPs)
             Began as a Djinni Gladiator on Apr 8, 2024.
             Was a Follower of Wu Jian.
             Slain by a sky beast (6 damage)
             ... on level 6 of the Dungeon.
             The game lasted 00:17:46 (5259 turns).

Zeor the Slasher (Djinni Gladiator)                 Turns: 5259, Time: 00:17:47

Health: -2/63      AC:  6    Str: 13    XL:     9   Next: 59%
Gold:   294        EV: 19    Int: 12    God:    Wu Jian [*.....] SH:  5 Dex: 17

rFire   + + .        a - +1 long sword (flame)
rCold   x . .        (no shield)
rNeg    . . .        b - +0 leather armour
rPois   ∞            c - +1 helmet
rElec   .            (no cloak)
rCorr   .            f - +0 pair of gloves
SInv    .            (boots unavailable)
Will    .....        l - amulet of reflection
Stlth   +            h - +5 ring of evasion
HPRegen 0.30/turn    (no ring)
MPRegen 0.00/turn

%: reflection, infuse magic (-3 HP)
@: about to teleport, flying
A: sickness immunity, fire resistance 2, cold vulnerability 1, float, innate
caster, HP casting, extra vitality 1
a: Renounce Religion


You were on level 6 of the Dungeon.
You worshipped Wu Jian.
Wu Jian was aware of your devotion.
You visited 2 branches of the dungeon, and saw 7 of its levels.

You collected 294 gold pieces.

Inventory:

Hand Weapons
 a - a +1 long sword of flaming (weapon)
 g - a +0 dagger of holy wrath
Missiles
 d - 2 throwing nets (quivered)
 e - a javelin
 m - 7 boomerangs
Armour
 b - a +0 leather armour (worn)
 c - a +1 helmet (worn)
 f - a +0 pair of gloves (worn)
Magical Staves
 i - a staff of earth
Jewellery
 h - a +5 ring of evasion (left hand)
 l - an amulet of reflection (around neck)
 n - an amulet of regeneration
Wands
 j - a wand of flame (11)
 k - a wand of charming (11)
Scrolls
 r - a scroll of immolation
Potions
 o - 2 potions of enlightenment
 p - a potion of mutation


   Skills:
 + Level 4.3 Fighting
 + Level 7.8 Long Blades
 + Level 1.7 Throwing
 + Level 3.3 Armour
 + Level 5.5 Dodging
 + Level 2.4 Shields
 * Level 3.7 Spellcasting
 * Level 3.7 Conjurations
 * Level 3.7 Hexes
 * Level 3.7 Summonings
 * Level 3.7 Necromancy
 * Level 3.7 Translocations
 * Level 3.7 Fire Magic
 * Level 3.7 Ice Magic
 * Level 3.7 Air Magic
 * Level 3.7 Earth Magic
 * Level 3.7 Alchemy


You knew the following spells:

 Your Spells              Type           Power      Damage    Failure   Level
a - Animate Dead          Necr           11%        N/A       52%         4
b - Blink                 Tloc           22%        N/A       10%         2
d - Magic Dart            Conj           44%        1d5       6%          1
s - Sigil of Binding      Hex            11%        N/A       19%         3
Your spell library was empty.

Dungeon Overview and Level Annotations

Branches:
Dungeon (6/15)             Temple (1/1) D:5

Altars:
Cheibriados
Dithmenos
Elyvilon
Gozag
Nemelex Xobeh
Okawaru
Qazlal
Ru
Trog
Uskayaw
Wu Jian
Yredelemnul
Zin
The Shining One

Shops:
D:6 :


Innate Abilities, Weirdness & Mutations

You are immune to sickness and miasma.
You are immune to poison.
Your flesh is very heat resistant. (rF++)
You are vulnerable to cold. (rC-)
You float through the air rather than walking.
You learn spells naturally, not from books.
Your magical power is your life essence.
You have superior vitality. (+4 MHP)


Message History

You closely miss the ice beast. The ice beast misses you.
You hit the ice beast but do no damage.
The ice beast hits you but does no damage.
You hit the ice beast.
You melt the ice beast.
The ice beast is moderately wounded.
The ice beast misses you.
You slash the ice beast!
You melt the ice beast.
The ice beast is almost dead.
The ice beast hits you but does no damage.
You hit the ice beast.
You melt the ice beast.
The ice beast is almost dead.
The ice beast hits you but does no damage.
You hit the ice beast but do no damage.
The ice beast is almost dead.
The ice beast misses you.
You closely miss the ice beast.
The ice beast is almost dead.
The ice beast barely misses you.
The sky beast flickers out of sight!
You closely miss the ice beast.
The ice beast is almost dead.
The ice beast hits you but does no damage.
You hit the ice beast but do no damage. Your punch misses the ice beast.
The ice beast is almost dead.
The ice beast hits you. The ice beast freezes you!!
You feel a terrible chill!
* * * LOW HITPOINT WARNING * * *
Okay, then.
You slash the ice beast!
You melt the ice beast.
You kill the ice beast!
The Council accepts your kill. Something hits you.
* * * LOW HITPOINT WARNING * * *
Something hits you!
* * * LOW HITPOINT WARNING * * *
Something misses you. Something closely misses you.
You see here a hound corpse.
As you read the scroll of teleportation, it crumbles to dust.
You feel strangely unstable. Something hits you.
* * * LOW HITPOINT WARNING * * *
Something shocks you.
You die...

▒∙∙∙∙∙∙▒▒∙▒?∙▒▒∙∙∙▒▒∙)▒∙▒
▒▒∙∙∙∙∙∙▒∙▒∙∙∙▒▒∙▒▒∙∙∙▒∙▒
▒∙∙∙∙∙∙▒∙▒▒∙∙∙▒∙▒∙∙∙▒▒∙▒
▒▒∙∙∙∙∙▒∙∙▒▒∙'▒∙▒†∙▒▒∙∙▒
▒▒∙∙∙∙∙∙∙∙▒▒▒∙∙∙▒▒▒∙∙∙▒▒
▒∙∙∙∙∙∙∙∙∙∙∙∙8∙∙∙∙∙∙∙∙▒▒▒
▒▒∙∙∙▒∙∙∙▒▒▒∙∙∙▒▒▒∙∙∙∙∙∙▒
▒▒∙∙▒∙∙▒▒ ■▒†▒†∙▒▒∙∙▒▒∙▒
▒∙∙∙∙▒▒ ▒R▒∙∙∙▒▒∙▒▒∙▒▒▒
▒▒∙∙∙▒ ▒▒∙▒▒∙∙∙▒∙▒▒∙∙∙▒
▒∙∙∙▒ ▒▒∙∙∙▒▒∙∙▒∙▒▒▒▒∙▒▒
▒▒∙∙▒▒▒▒∙∙∙∙∙▒▒▒▒∙▒
▒∙∙▒▒∙ ▒∙∙∙∙∙∙∙∙∙∙∙∙∙∙∙∙▒
▒▒∙∙∙▒ ▒∙∙∙▒▒▒▒∙▒▒▒▒▒▒▒▒
▒▒∙∙▒▒▒ ▒∙∙∙▒▒▒▒∙▒
▒▒▒∙∙▒▒ ▒∙∙∙)∙∙∙▒
▒▒▒∙∙▒▒▒ ▒∙∙∙▒▒▒▒▒
▒▒▒∙∙▒▒▒


There were no monsters in sight!

Vanquished Creatures
  A water moccasin (D:5)
  A black bear (D:6)
  An ice beast (D:6)
  A phantom (D:6)
  A centaur (D:6)
  A gnoll sergeant (D:5)
  A bullfrog (D:6)
  7 scorpions
  5 killer bees (D:5)
  2 bombardier beetles
  3 orc priests (D:5)
  3 jellies
  3 hounds
  6 iguanas
  4 orc wizards
  Robin (D:3)
  13 gnolls
  8 adders
  A shadow imp (D:4)
  A white imp (D:5)
  An ufetubus (D:5)
  3 dart slugs
  A ribbon worm (D:4)
  34 orcs
  2 endoplasms
  4 giant cockroaches
  17 goblins
  5 hobgoblins
  2 jackals (D:2)
  6 quokkas
  A ball python (D:1)
  5 bats
  A frilled lizard (D:1)
  10 kobolds
  3 rats
159 creatures vanquished.

Notes
Turn   | Place    | Note
-------+----------+-------------------------------------------
     0 | D:1      | Zeor the Djinni Gladiator began the quest for the Orb.
     0 | D:1      | Reached XP level 1. HP: 18/18 MP: 0/0
    82 | D:1      | Reached XP level 2. HP: 23/23 MP: 0/0
   143 | D:1      | Found a faded altar of an unknown god.
   210 | D:1      | Reached skill level 3 in Long Blades
   355 | D:1      | Reached XP level 3. HP: 28/28 MP: 0/0
   355 | D:1      | Learned a level 1 spell: Magic Dart
   939 | D:2      | Reached XP level 4. HP: 29/33 MP: 0/0
  1035 | D:2      | Reached skill level 1 in Spellcasting
  1035 | D:2      | Reached skill level 1 in Conjurations
  1035 | D:2      | Reached skill level 1 in Hexes
  1035 | D:2      | Reached skill level 1 in Summonings
  1035 | D:2      | Reached skill level 1 in Necromancy
  1035 | D:2      | Reached skill level 1 in Translocations
  1035 | D:2      | Reached skill level 1 in Fire Magic
  1035 | D:2      | Reached skill level 1 in Ice Magic
  1035 | D:2      | Reached skill level 1 in Air Magic
  1035 | D:2      | Reached skill level 1 in Earth Magic
  1035 | D:2      | Reached skill level 1 in Alchemy
  1572 | D:3      | Noticed Robin
  1583 | D:3      | Killed Robin
  1595 | D:3      | Reached XP level 5. HP: 38/38 MP: 0/0
  1595 | D:3      | Learned a level 2 spell: Blink
  2063 | D:4      | Reached skill level 4 in Long Blades
  2063 | D:4      | Reached skill level 1 in Armour
  2112 | D:4      | Reached XP level 6. HP: 44/45 MP: 0/0
  2289 | D:4      | Found a stormy altar of Qazlal.
  2329 | D:4      | Found a bloodstained altar of Trog.
  2330 | D:4      | Found a glowing golden altar of the Shining One.
  2627 | D:4      | Reached XP level 7. HP: 30/49 MP: 0/0
  2627 | D:4      | Learned a level 3 spell: Sigil of Binding
  2845 | D:4      | Reached skill level 5 in Long Blades
  3107 | D:4      | Found a snail-covered altar of Cheibriados.
  3170 | D:5      | Entered Level 5 of the Dungeon
  3185 | D:5      | Reached skill level 1 in Shields
  3419 | D:5      | Reached XP level 8. HP: 53/56 MP: 0/0
  3626 | D:5      | Reached skill level 6 in Long Blades
  3694 | D:5      | Found a staircase to the Ecumenical Temple.
  3715 | Temple   | Entered the Ecumenical Temple
  3752 | Temple   | Became a worshipper of the Wu Jian Council
  4191 | D:5      | Reached skill level 7 in Long Blades
  4191 | D:5      | Reached XP level 9. HP: 45/61 MP: 0/0
  4191 | D:5      | Learned a level 4 spell: Animate Dead
  4404 | D:5      | Found a shadowy altar of Dithmenos.
  4440 | D:5      | Reached skill level 5 in Dodging
  4448 | D:5      | Reached * piety under Wu Jian
  4815 | D:6      | Found Ketileuzau's Book Boutique.
  5259 | D:6      | Slain by a sky beast

Illustrated notes

Levels and vault maps discovered:
D:1:      beargit_arrival_greenhouse, layout_rooms, basic_ecumenical_altar,
          minmay_box_of_dots
D:2:      layout_basic
D:3:      layout_basic, uniq_robin
D:4:      layout_loops_ring, grunt_temple_overflow_open,
          mainiacjoe_overflow_alcove_4
D:5:      layout_loops_corners, minmay_temple_entry_overgrown,
          minmay_ruined_shrine
D:6:      cheibrodos_barr_body, layout_cave_pods, serial_shops, shop,
          grunt_ministairs_13, uniq_edmund, uniq_grinder, uniq_menkaure,
          uniq_duvessa
Temple:   dpeg_chambers_temple

Skill      XL: |  1  2  3  4  5  6  7  8  9 |
---------------+----------------------------+-----
Long Blades    | 3 4 5 7 |  7.8
Spellcasting   | 1 2 3 |  3.7
Conjurations   | 1 2 3 |  3.7
Hexes          | 1 2 3 |  3.7
Summonings     | 1 2 3 |  3.7
Necromancy     | 1 2 3 |  3.7
Translocations | 1 2 3 |  3.7
Fire Magic     | 1 2 3 |  3.7
Ice Magic      | 1 2 3 |  3.7
Air Magic      | 1 2 3 |  3.7
Earth Magic    | 1 2 3 |  3.7
Alchemy        | 1 2 3 |  3.7
Armour         | 1 2 3 |  3.3
Dodging        | 4 5 |  5.5
Shields        | 1 2 |  2.4
Fighting       | 3 4 |  4.3
Throwing       | |  1.7

Action                     |  1- 3 |  4- 6 |  7- 9 || total
---------------------------+-------+-------+-------++-------
  Melee: Long sword        |    67 |   171 |   341 ||   579
         Punch             |     1 |     2 |     6 ||     9
  Throw: Throwing net      |       |     1 |     2 ||     3
   Cast: Magic Dart        |    31 |    42 |    39 ||   112
Ability: Lunge             |       |       |    13 ||    13
         Whirlwind         |       |       |    14 ||    14
    Use: Scroll            |     1 |     9 |     6 ||    16
         Potion            |       |     2 |     2 ||     4
   Stab: Held in net/web   |       |       |     2 ||     2
 Armour: Leather armour    |    34 |    45 |   110 ||   189
         Skin              |       |    17 |       ||    17
  Dodge: Dodged            |    80 |    85 |   279 ||   444
  Block: Other             |     2 |    38 |    71 ||   111
         Reflection        |       |       |     1 ||     1
